 Dungeon Crawl Stone Soup version 0.26-a0-540-g8a0c9464d7 (webtiles) character file.

Game seed: 3751942908817187366

149 Mitsuki the Grave Robber (level 5, -2/38 HPs)
             Began as a Hill Orc Necromancer on Aug 15, 2020.
             Slain by an orc wizard
             ... wielding a +0 dagger
              (3 damage)
             ... on level 4 of the Dungeon.
             The game lasted 00:10:12 (4076 turns).

Mitsuki the Grave Robber (Hill Orc Necromancer)     Turns: 4076, Time: 00:10:12

Health: -2/38      AC:  2    Str: 17    XL:     5   Next: 31%
Magic:  4/8        EV: 13    Int: 16    God:
Gold:   106        SH:  0    Dex: 11    Spells: 7/9 levels left

rFire    + . .     SeeInvis .   c - +0 dagger
rCold    x . .     Faith    .   (no shield)
rNeg     . . .     Spirit   .   a - +0 robe
rPois    .         Reflect  .   (no helmet)
rElec    .         Harm     .   (no cloak)
rCorr    .                      (no gloves)
MR       .....                  (no boots)
Stlth    ++........             (no amulet)
HPRegen  0.12/turn              d - +6 ring of strength
MPRegen  0.11/turn              h - ring of fire

@: slowed, very slow
A: no striking features
a: no special abilities


You were on level 4 of the Dungeon.
You visited 1 branch of the dungeon, and saw 4 of its levels.

You collected 106 gold pieces.

Inventory:

Hand Weapons
 c - a +0 dagger (weapon)
Armour
 a - a +0 robe (worn)
Jewellery
 d - a +6 ring of strength (left hand)
 h - a ring of fire (right hand)
Scrolls
 e - 2 scrolls of enchant weapon {unknown}
 f - 3 scrolls of teleportation {unknown}
 g - 4 scrolls of identify {unknown}
 k - a scroll of remove curse {unknown}
 o - a scroll of fear {unknown}
 p - 2 scrolls of amnesia {unknown}
Potions
 b - 4 potions of curing {unknown}
 i - 2 potions of flight {unknown}
 j - 2 potions of lignification {unknown}
 l - a potion of magic {unknown}
 m - a potion of might {unknown}
 n - a potion of resistance {unknown}
 q - 2 potions of mutation {unknown}
 r - a potion of stabbing {unknown}


   Skills:
 + Level 2.8 Dodging
 - Level 1.5 Stealth
 + Level 2.6 Spellcasting
 + Level 4.9 Necromancy


You had 7 spell levels left.
You knew the following spells:

 Your Spells              Type           Power        Failure   Level
a - Pain                  Necr           ###.         2%          1
b - Animate Skeleton      Necr           ###...       2%          1

Your spell library contained the following spells:

 Spells                   Type           Power        Failure   Level
 Vampiric Draining        Necr           ###.......   8%          3
 Animate Dead             Necr           ###.......   26%         4
 Agony                    Necr           ###.....     56%         5


Dungeon Overview and Level Annotations

Branches:
Dungeon (4/15)
 Temple: D:4-7

Altars:
Ashenzari
Gozag

Annotations:
D:2 Terence


Message History

The orc closely misses you. The orc wizard barely misses you.
The orc wizard misses you.
Casting: Pain (safe; 2% risk of failure)
Confirm with . or Enter, or press ? or * to list all spells.
Aiming: Pain (safe; 2% risk of failure)
Press: ? - help, Shift-Dir - straight line, f/p - orc wizard
Aim: an orc wizard, wielding a +0 dagger and wearing a +0 robe (almost dead, chance to defeat MR: 76%)
The orc wizard writhes in agony!
You kill the orc wizard!
The orc wizard hits you with a +0 dagger.
* * * LOW HITPOINT WARNING * * *
The orc wizard closely misses you. The orc hits you with a +0 war axe!
* * * LOW HITPOINT WARNING * * *
You take 11 damage, and have 1/38 hp.
MASSIVE DAMAGE!!
You now have 3/8 mp.
The orc wizard closely misses you. The orc wizard barely misses you.
The orc misses you. The orc closely misses you.
The orc wizard hits you but does no damage.
The orc wizard hits you with a +0 dagger.
You die...

#..#.##.####........#
##..#.#.# #######..# .##..##.#
#..# ..##..#.# #..# (..##...#
#..# ## ..##..#.###### #..##.#
.##..##......#####..#.# ##
##..#.#......)...oo.)###.#
#..#.##..[......@oo..)#.######
..#.#.#..###<...)))).#)......#
#######..# #.######<.#######.#
##.# #.# #..# #.# #.# #..# ...
#.# ..># #. #.# .#..# ....#
..^.


You could see an orc wizard (fast) and 3 orcs.

Vanquished Creatures
  An orc wizard (D:4)
  4 adders
  2 adder skeletons (D:4)
  3 dart slugs
  A leopard gecko (D:2)
  8 orcs (D:4)
  A ball python (D:3)
  2 giant cockroaches (D:3)
  10 goblins
  9 hobgoblins
  9 kobolds
  4 bats
  2 frilled lizards (D:2)
  3 rats
59 creatures vanquished.

Notes
Turn   | Place    | Note
-------+----------+-------------------------------------------
     0 | D:1      | Mitsuki the Hill Orc Necromancer began the quest for the
                  | Orb.
     0 | D:1      | Reached XP level 1. HP: 14/14 MP: 3/3
   631 | D:1      | Reached XP level 2. HP: 18/20 MP: 0/4
  1184 | D:2      | Noticed Terence
  1206 | D:1      | Learned a level 1 spell: Animate Skeleton
  1448 | D:1      | Reached XP level 3. HP: 26/26 MP: 4/6
  2337 | D:3      | Reached XP level 4. HP: 33/33 MP: 5/7
  2398 | D:3      | Found an opulent altar of Gozag.
  3421 | D:4      | HP: 1/33 [orc/+0 trident (6)]
  3823 | D:4      | Reached XP level 5. HP: 19/38 MP: 8/8
  4025 | D:4      | Found a shattered altar of Ashenzari.
  4073 | D:4      | HP: 1/38 [orc/+0 war axe (10)]
  4076 | D:4      | Slain by an orc wizard

Illustrated notes

Levels and vault maps discovered:
D:1:      lightli_arrival_statue_moat, layout_loops_cross
D:2:      layout_basic, st_stairs_4, uniq_terence
D:3:      layout_basic, nicolae_overflow_hidden_temple,
          minmay_goblin_kobold_house, uniq_ijyb
D:4:      minmay_diamond_boxcup, layout_loops_ring, elyvilon_altar_5,
          palyth_stone_intersect, roderic_batcave, cheibrodos_ashenzari_chains

Skill      XL: |  1  2 |
---------------+-------+-----
Dodging        | 2 |  2.8
Spellcasting   | 2 |  2.6
Stealth        | |  1.5
Necromancy     | |  4.9

Action                   |  1- 3 |  4- 6 || total
-------------------------+-------+-------++-------
Melee: Dagger            |    25 |    65 ||    90
 Cast: Pain              |    54 |    50 ||   104
       Animate Skeleton  |     2 |     6 ||     8
 Stab: Sleeping          |     1 |       ||     1
Armor: Robe              |     5 |     4 ||     9
Dodge: Dodged            |    28 |    47 ||    75

Table legend: (Time is in decaauts)
 A = Elapsed time spent in this place.
 B = Non-inter-level travel time spent in this place.
 C = Inter-level travel time spent in this place.
 D = Time resting spent in this place.
 E = Time spent auto-exploring this place.
 F = Levels seen in this place.
 G = Mean time per level.
                   A        B        C        D        E       F      G
               +--------+--------+--------+--------+--------+-----+--------+
         Total |   4081 |   4001 |     80 |    595 |   2859 |   4 | 1020.2 |
       Dungeon |   4081 |   4001 |     80 |    595 |   2859 |   4 | 1020.2 |
               +--------+--------+--------+--------+--------+-----+--------+

Top non-repeatable levels by time:
     D:1: 1672 daAuts
     D:3: 1104 daAuts
     D:4: 770 daAuts
     D:2: 533 daAuts
